 Dungeon Sprint DCSS version 0.28-a0-828-g0121872642 (webtiles) character file.

Game seed: 7496972638158061398

178 boopmooplesden the Protected (level 5, -8/53 HPs)
             Began as a Minotaur Fighter on Nov 10, 2021.
             Was a Follower of Okawaru.
             Mangled by Duvessa (14 damage)
             ... in the Dungeon (Sprint VII: "The Pits").
             The game lasted 00:01:16 (362 turns).

boopmooplesden the Protected (Minotaur Fighter)      Turns: 362, Time: 00:01:17

Health: -8/53      AC: 15    Str: 22    XL:     5   Next: 32%
Magic:  4/4        EV:  7    Int:  5    God:    Okawaru [*.....]
Gold:   0          SH:  5    Dex:  9    Spells: 4/4 levels left

rFire   . . .      SeeInvis .   p - +1 long sword (holy)
rCold   . . .      Faith    .   c - +0 buckler
rNeg    . . .      Spirit   .   o - +2 plate armour
rPois   .          Reflect  .   (helmet restricted)
rElec   .          Harm     .   (no cloak)
rCorr   .          Rampage  .   (no gloves)
Will    .....      NoTele   +   (no boots)
Stlth   ..........              (no amulet)
HPRegen 0.17/turn               (no ring)
MPRegen 0.09/turn               (no ring)

@: no status effects
A: horns 2, retaliatory headbutt
a: Renounce Religion, Heroism


You were in the Dungeon.
You worshipped Okawaru.
Okawaru was aware of your devotion.
You visited 1 branch

Inventory:

Hand Weapons
 a - a +0 long sword
 k - a +2 falchion
 p - a +1 long sword of holy wrath (weapon)
Armour
 b - a +0 scale mail
 c - a +0 buckler (worn)
 o - a +2 plate armour (worn)
Scrolls
 j - a scroll of blinking
 m - 5 scrolls of amnesia
 n - a scroll of summoning
Potions
 d - a potion of might
 e - 6 potions of curing
 f - 6 potions of heal wounds
 g - a potion of haste
 h - 4 potions of magic
 i - 3 potions of berserk rage
 l - 2 potions of invisibility


   Skills:
 + Level 7.7 Fighting
 + Level 5.4 Long Blades
 + Level 8.1 Armour
 + Level 1.9 Dodging
 + Level 7.5 Shields


You had 4 spell levels left.
You didn't know any spells.
Your spell library was empty.

Dungeon Overview and Level Annotations

Branches:
Dungeon (1/1)

Altars:
Ashenzari
Cheibriados
Dithmenos
Elyvilon
Fedhas
Gozag
Hepliaklqana
Kikubaaqudgha
Makhleb
Nemelex Xobeh
Okawaru
Qazlal
Ru
Sif Muna
Trog
Uskayaw
Vehumet
Wu Jian
Xom
Yredelemnul
Zin
The Shining One
Beogh
Jiyva
Lugonu

Annotations:
D Duvessa, Prince Ribbit


Innate Abilities, Weirdness & Mutations

You have a pair of horns on your head.
You reflexively headbutt those who attack you in melee.


Message History

Dowan casts a spell.
Dowan blinks!
You closely miss Dowan.
Dowan is lightly wounded.
Prince Ribbit blinks!
Dowan barely misses you.
You slash Dowan!
Dowan is severely wounded.
Dowan closely misses you. You furiously retaliate!
You headbutt Dowan. Dowan hits you but does no damage.
Duvessa gestures with her weapon.
Duvessa barely misses you. You furiously retaliate!
You headbutt Duvessa. You closely miss Dowan.
Dowan is almost dead.
Duvessa hits you with a +3 short sword of electrocution.
Dowan hits you but does no damage.
You barely miss Dowan. You headbutt Dowan.
You kill Dowan!
Okawaru accepts your kill.
Duvessa weeps, then rights herself and shakes her weapon.
Duvessa goes berserk!
Duvessa hits you but does no damage.
You are electrocuted!!
Your Long Blades skill increases to level 5!
Your Armour skill increases to level 8!
You have reached level 5!
You slash Duvessa! You headbutt Duvessa.
Duvessa is heavily wounded.
You block Duvessa's attack.
Duvessa hits you with a +3 short sword of electrocution!
You hit Duvessa but do no damage.
Duvessa is heavily wounded.
Duvessa barely misses you. You block Duvessa's attack.
You hit Duvessa. Your headbutt misses Duvessa.
Duvessa is heavily wounded.
You block Duvessa's attack.
You hit Duvessa but do no damage. Your headbutt misses Duvessa.
Duvessa is heavily wounded.
Duvessa hits you with a +3 short sword of electrocution!
* * * LOW HITPOINT WARNING * * *
Duvessa hits you with a +3 short sword of electrocution!
You die...

#.?(.')))'.##.....
##########.##.....
#..........÷'.....
#'#####)#####.....
#.#..#.....##.....
#.#))#####'#####'#
#.#))#....÷##.....
#)#).#.....##.....
#@#.[###'####.....
#e##'#..†..##...<.
#Y#........##.....
#g#........##.....
#'###########.....
#.†# ###### #...§
##.#g# ..e..


You could see Duvessa (berserk), an ice beast and a gnoll.

Vanquished Creatures
  Pargi (D)
  Dowan (D)
  A gnoll (D)
  2 river rats (D)
  A giant cockroach (D)
  2 jackals (D)
  2 ball pythons (D)
  A bat (D)
  A frilled lizard (D)
12 creatures vanquished.

Notes
Turn   | Place    | Note
-------+----------+-------------------------------------------
     0 | D        | boopmooplesden the Minotaur Fighter began the quest for the
                  | Orb.
     0 | D        | Reached XP level 1. HP: 19/19 MP: 0/0
    13 | D        | Reached skill level 4 in Armour
    39 | D        | Found a glowing golden altar of the Shining One.
    39 | D        | Found a glowing silver altar of Zin.
    39 | D        | Found a basalt altar of Yredelemnul.
    39 | D        | Found a shimmering altar of Xom.
    39 | D        | Found an ornate altar of the Wu Jian Council.
    39 | D        | Found a bloodstained altar of Trog.
    39 | D        | Found a shimmering blue altar of Sif Muna.
    39 | D        | Found a sacrificial altar of Ru.
    39 | D        | Found a stormy altar of Qazlal.
    39 | D        | Found an iron altar of Okawaru.
    39 | D        | Found a sparkling altar of Nemelex Xobeh.
    39 | D        | Found a burning altar of Makhleb.
    39 | D        | Found a viscous altar of Jiyva.
    39 | D        | Found a hazy altar of Hepliaklqana.
    39 | D        | Found an opulent altar of Gozag.
    39 | D        | Found a blossoming altar of Fedhas.
    39 | D        | Found a white marble altar of Elyvilon.
    39 | D        | Found a shadowy altar of Dithmenos.
    39 | D        | Found a snail-covered altar of Cheibriados.
    40 | D        | Found a radiant altar of Vehumet.
    40 | D        | Found a corrupted altar of Lugonu.
    41 | D        | Found an ancient bone altar of Kikubaaqudgha.
    41 | D        | Found a hide-covered altar of Uskayaw.
    41 | D        | Found a broken altar of Ashenzari.
    45 | D        | Became a worshipper of Warmaster Okawaru
    59 | D        | Reached XP level 2. HP: 24/28 MP: 1/1
    69 | D        | Reached skill level 5 in Fighting
    69 | D        | Reached skill level 5 in Armour
    69 | D        | Reached skill level 5 in Shields
    77 | D        | Reached XP level 3. HP: 12/36 MP: 2/2
   274 | D        | Noticed Pargi
   283 | D        | Killed Pargi
   283 | D        | Reached * piety under Okawaru
   284 | D        | Reached skill level 7 in Armour
   284 | D        | Reached skill level 1 in Dodging
   284 | D        | Reached XP level 4. HP: 39/47 MP: 3/3
   346 | D        | Noticed Dowan
   347 | D        | Noticed Prince Ribbit
   347 | D        | Noticed an ice beast
   347 | D        | Noticed Duvessa
   358 | D        | Killed Dowan
   359 | D        | Reached skill level 5 in Long Blades
   359 | D        | Reached skill level 8 in Armour
   359 | D        | Reached XP level 5. HP: 29/53 MP: 4/4
   362 | D        | Mangled by Duvessa

Illustrated notes

Levels and vault maps discovered:
D:        pitsprint [storerooms_1, entrance_room_1, metal_vault_3, armoury_2,
          mini_pit_1, grid_room_1, main_hall_1, silver_pit, the_coven_1,
          the_vestibule_1, steel_vault_5, golden_pit, hallway_of_sentries,
          crystal_vault_2, iron_vault_3, final_vault]

Skill      XL: |  1  2  3  4 |
---------------+-------------+-----
Shields        | 4 5 6 7 |  7.5
Fighting       | 4 5 7 |  7.7
Armour         | 4 5 7 8 |  8.1
Long Blades    | 3 4 5 |  5.4
Dodging        | 1 |  1.9

Action                   |  1- 3 |  4- 6 || total
-------------------------+-------+-------++-------
Melee: Long sword        |     3 |    10 ||    13
       Falchion          |    22 |       ||    22
       Headbutt          |     4 |     2 ||     6
Armor: Scale mail        |    12 |       ||    12
       Plate armour      |       |     3 ||     3
Dodge: Dodged            |    18 |     4 ||    22
Block: Buckler           |     8 |     3 ||    11

Table legend: (Time is in decaauts)
 A = Elapsed time spent in this place.
 B = Non-inter-level travel time spent in this place.
 C = Inter-level travel time spent in this place.
 D = Time resting spent in this place.
 E = Time spent auto-exploring this place.
 F = Levels seen in this place.
 G = Mean time per level.
                   A        B        C        D        E       F      G
               +--------+--------+--------+--------+--------+-----+--------+
         Total |    366 |    366 |      0 |    193 |      0 |   1 |  366.0 |
       Dungeon |    366 |    366 |      0 |    193 |      0 |   1 |  366.0 |
               +--------+--------+--------+--------+--------+-----+--------+

Top non-repeatable levels by time:
       D: 366 daAuts
